 Dungeon Crawl Stone Soup version 0.32-a0-540-g866d13106e (console) character file.

Game seed: 17187828243936032722

35 zenocrate the Scratcher (level 3, 18/18 HPs)
             Began as a Felid Shapeshifter on Feb 28, 2024.
             Quit the game on level 2 of the Dungeon.
             The game lasted 00:01:22 (1051 turns).

zenocrate the Scratcher (Felid Shapeshifter)        Turns: 1051, Time: 00:01:23

Health: 18/18      AC:  1    Str: 10    XL:     3   Next: 16%
Magic:  4/4        EV: 18    Int: 13    God:
Gold:   38         SH:  0    Dex: 17    Spells: 2/2 levels left
                                        Lives:  0   Deaths: 1

rFire   . .          .
                       - Unarmed
rCold   . . .        (shield unavailable)
rNeg    . . .        (body armour unavailable)
rPois   .            (helmet unavailable)
rElec   .            (cloak unavailable)
rCorr   .            (gloves unavailable)
SInv    +            (boots unavailable)
Will    .....        (no amulet)
Stlth   ++           (no ring)
HPRegen 0.23/turn    (no ring)
MPRegen 0.09/turn

%: no passive effects
@: beast-form
A: beast (slay +1), very small, claws 1, fangs 3, see invisible, shaggy fur 1,
stealthy paws, no weapons or thrown items, no armour, multi-lived
a: Begin Untransformation


You were on level 2 of the Dungeon.
You were a hulking beast.
You visited 1 branch of the dungeon, and saw 2 of its levels.

You collected 38 gold pieces.

Inventory:

Jewellery
 j - a ring of magical power
Talismans
 b - a beast talisman (active)
 c - a flux talisman
Scrolls
 e - a scroll of revelation {unknown}
 f - a scroll of vulnerability {unknown}
 g - a scroll of teleportation {unknown}
 h - a scroll of torment {unknown}
 k - a scroll of identify {unknown}
 l - a scroll of brand weapon {unknown}
Potions
 a - a potion of lignification
 d - a potion of berserk rage
 i - a potion of mutation {unknown}


   Skills:
 + Level 1.5 Fighting
 + Level 3.2 Dodging
 + Level 1.8 Stealth
 + Level 3.2 Unarmed Combat
 * Level 2.9 Shapeshifting


You had 2 spell levels left.
You didn't know any spells.
Your spell library contained the following spells:

 Spells                   Type           Power      Damage    Failure   Level
 Shock                    Conj/Air       0%         1d3       30%         1
 Inner Flame              Hex/Fire       0%         N/A       67%         3
 Swiftness                Air            0%         N/A       67%         3
 Airstrike                Air            0%         2d(0-16)  97%         4
 Flame Wave               Conj/Fire      0%         2d4       97%         4
 Manifold Assault         Tloc           0%         N/A       97%         4
 Sticky Flame             Fire/Alch      0%         2d4       97%         4
 Dispersal                Tloc           0%         N/A       100%        6
 Disjunction              Tloc           0%         N/A       100%        8


Dungeon Overview and Level Annotations

Branches:
Dungeon (2/15)

Altars:

Annotations:
D:2 Robin


Innate Abilities, Weirdness & Mutations

You are a hulking beast.
Your limbs bulge with bestial killing power. (Slay +1)
You have sharp claws.
You have razor-sharp teeth.
You have supernaturally acute eyesight. (SInv)
You are covered in fur. (AC +1)
Your paws help you pounce on unaware monsters.
You are incapable of wielding weapons or throwing items.
You cannot wear armour.
You gain extra lives every three experience levels.


Message History

The goblin hits you with a +0 club. The goblin closely misses you.
The goblin hits you with a +0 club.
* * * LOW HITPOINT WARNING * * *
You are too injured to fight recklessly!
Unknown command.
Okay, then.
Really quaff the potion of lignification?
Your transformation has ended.
You turn into a tree.
Your roots penetrate the ground.
A goblin comes into view. It is wielding a +0 club.
The goblin hits you but does no damage. x2; The goblin barely misses you.
Unknown command.
You closely miss the goblin.
The goblin is moderately wounded.
The goblin hits you but does no damage. x3
Unknown command.
You barely miss the goblin.
The goblin is moderately wounded.
Robin says, "We wiped out the hill dwarves - you're next!"
The goblin hits you but does no damage. x3
Unknown command.
You hit the goblin.
You kill the goblin!
Robin throws the goblin at you! The goblin hits you but does no damage.
A gnoll comes into view. It is wielding a +0 spear.
The goblin hits you with a +0 club.
* * * LOW HITPOINT WARNING * * *
The goblin hits you but does no damage.
Unknown command.
Unknown command.
It was a potion of berserk rage.
A red film seems to cover your vision as you go berserk!
You feel yourself moving faster!
You feel mighty! The goblin hits you but does no damage.
The goblin hits you with a +0 club.
You die...
Your shape twists and changes as you die.
The goblin hits you with a +0 club.
You feel less wooden.
You turn into a hulking beast.
You rejoin the land of the living...
Found a leather armour.
Are you sure you want to abandon this character and quit the game? (Confirm with "yes".)

##.# #####.##.....# #..... #.##
##.####...#####..... #..# #..#
#............. ##.###....##
######..#..... ...##...##.######
#...#..... ........<...# #..
...#.###.##
...........#.....#########.....#
.........[...###......# ####..#
...........### #......# #.##
..........## #......#######.#
#...##....# #h[........#...##
#### ####.. #......###.#.#..# #.
#####.## #...##.# .# ##..##.##
$####..##..# .........#.#
#.###gg.#.. #†#..## #g##.#


gg# ..# ##gg ..# There were no monsters in sight!

Vanquished Creatures
  A gnoll (D:1)
  3 bats (D:1)
  3 endoplasms (D:1)
  A giant cockroach (D:1)
  3 goblins
  3 hobgoblins
  2 kobolds (D:1)
  A quokka (D:1)
  2 ball pythons (D:1)
  3 rats
22 creatures vanquished.

Notes
Turn   | Place    | Note
-------+----------+-------------------------------------------
     0 | D:1      | zenocrate the Felid Shapeshifter began the quest for the
                  | Orb.
     0 | D:1      | Reached XP level 1. HP: 10/10 MP: 2/2
   103 | D:1      | Reached skill level 1 in Stealth
   103 | D:1      | Reached XP level 2. HP: 14/14 MP: 3/3
   517 | D:1      | Reached XP level 3. HP: 13/18 MP: 4/4
  1042 | D:2      | Noticed Robin
  1049 | D:2      | HP: 1/27 [goblin/+0 club[Robin] (5)]
  1050 | D:2      | Slain by a goblin
  1050 | D:2      | Lost a life (0 lives remaining)
  1051 | D:2      | Quit the game

Illustrated notes

Levels and vault maps discovered:
D:1:      psy_arrival_terrarium, layout_basic, minivault_24,
          dreamdust_mushroom_princess
D:2:      layout_rooms, minmay_misc_feat_cross, uniq_robin

Skill      XL: |  1 |
---------------+----+-----
Dodging        | 3 |  3.2
Stealth        | 1 |  1.8
Fighting       | |  1.5
Unarmed Combat | |  3.2
Shapeshifting  | |  2.9

Action                     || total
---------------------------++-------
  Melee: Unarmed           ||    46
         Bite              ||     4
         Punch             ||     1
    Use: Potion            ||     2
   Stab: Sleeping          ||     4
 Armour: Skin              ||    27
  Dodge: Dodged            ||    30

Table legend: (Time is in decaauts)
 A = Elapsed time spent in this place.
 B = Non-inter-level travel time spent in this place.
 C = Inter-level travel time spent in this place.
 D = Time resting spent in this place.
 E = Time spent auto-exploring this place.
 F = Levels seen in this place.
 G = Mean time per level.
                   A        B        C        D        E       F      G
               +--------+--------+--------+--------+--------+-----+--------+
         Total |   1048 |   1016 |     32 |      0 |    863 |   2 |  524.0 |
       Dungeon |   1048 |   1016 |     32 |      0 |    863 |   2 |  524.0 |
               +--------+--------+--------+--------+--------+-----+--------+

Top non-repeatable levels by time:
     D:1: 943 daAuts
     D:2: 104 daAuts
